 Dungeon Crawl Stone Soup version 0.31-a0-986-g5e6e4ef867 (webtiles) character file.

Game seed: 2533712049306376279

23505 Xavori the Fighter (level 13, 0/94 HPs)
             Began as a Djinni Chaos Knight on Nov 12, 2023.
             Was a Plaything of Xom.
             Slain by a six-headed hydra (2 damage)
             ... while petrified by a catoblepas
             ... on level 3 of the Lair of Beasts.
             The game lasted 00:24:43 (15129 turns).

Xavori the Fighter (Djinni Chaos Knight)           Turns: 15129, Time: 00:24:44

Health: 0/94       AC: 13    Str: 18    XL:     13   Next: 35%
Gold:   545        EV:  2    Int: 15    God:    Xom [*.....] SH:  0 Dex: 25

rFire   + + .        M - +2 scimitar (flame)
rCold   x . .        E - +2 buckler "Holo" {Rampage Str+4}
rNeg    + + +        L - +0 troll leather armour
rPois   ∞            d - +0 helmet
rElec   .            (no cloak)
rCorr   .            H - +1 pair of gloves {Str+3}
SInv    .            (boots unavailable)
Will    ++...        y - amulet of faith
Stlth   +++          J - +6 ring of dexterity
HPRegen 1.15/turn    Q - +4 ring of protection
MPRegen 0.00/turn

%: rampage, faith, infuse magic (-1 HP)
@: petrified, flying
A: sickness immunity, fire resistance 2, cold vulnerability 1, float, innate
caster, HP casting, extra vitality 1, iridescent scales 1, thin skeletal
structure 1, strong-willed 1, no potion heal 2
a: Renounce Religion


You were on level 3 of the Lair of Beasts.
You worshipped Xom.
You were a special plaything of Xom.
You visited 2 branches of the dungeon, and saw 13 of its levels.

You collected 815 gold pieces.
You spent 270 gold pieces at shops.

Inventory:

Hand Weapons
 a - a +1 falchion of freezing
 D - the +11 flail "Cigrouhu" {venom, rC+ rN+}
   (You found it on level 6 of the Dungeon)

   rC+:       It protects you from cold.
   rN+:       It protects you from negative energy.
 M - a +2 scimitar of flaming (weapon)
Missiles
 K - a throwing net
Armour
 b - a +2 leather armour
 d - a +0 helmet (worn)
 E - the +2 buckler "Holo" (worn) {Rampage Str+4}
   (You found it on level 6 of the Dungeon)

   Str+4:     It affects your strength (+4).
   Rampage:   It bestows one free step when moving towards enemies.
 H - a +1 pair of gloves of strength (worn)
 L - a +0 troll leather armour (worn)
Jewellery
 m - a ring of protection from cold
 u - a +6 ring of intelligence
 v - a ring of ice
 w - a ring of wizardry
 y - an amulet of faith (around neck)
 J - a +6 ring of dexterity (left hand)
 P - a +5 ring of evasion
 Q - a +4 ring of protection (right hand)
Wands
 i - a wand of flame (20)
 j - a wand of roots (16)
 k - a wand of quicksilver (13)
 C - a wand of charming (18)
 G - a wand of polymorph (4)
Scrolls
 c - 3 scrolls of butterflies
 f - a scroll of poison
 g - 2 scrolls of revelation
 l - 3 scrolls of teleportation
 o - 4 scrolls of enchant armour
 p - 2 scrolls of fog
 q - 6 scrolls of blinking
 s - 4 scrolls of immolation
 x - a scroll of brand weapon
 B - 2 scrolls of fear
Potions
 e - 2 potions of curing
 h - 3 potions of berserk rage {unknown}
 n - 3 potions of heal wounds
 r - 2 potions of brilliance {unknown}
 t - 3 potions of haste
 z - 2 potions of might
 A - a potion of ambrosia
 F - a potion of cancellation {unknown}
 I - a potion of enlightenment {unknown}
 O - a potion of resistance {unknown}
Miscellaneous
 N - a condenser vane (inert)


   Skills:
 * Level 9.6 Fighting
 + Level 8.1 Long Blades
 + Level 8.3 Armour
 + Level 9.3 Dodging
 + Level 6.4 Shields
 * Level 8.2 Spellcasting
 * Level 8.2 Conjurations
 * Level 8.2 Hexes
   Level 0.0 Charms
 * Level 8.2 Summonings
 * Level 8.2 Necromancy
 * Level 8.2 Translocations
 * Level 8.2 Transmutations
 * Level 8.2 Fire Magic
 * Level 8.2 Ice Magic
 * Level 8.2 Air Magic
 * Level 8.2 Earth Magic
 * Level 8.2 Poison Magic
 - Level 5.0 Evocations


You knew the following spells:

 Your Spells              Type           Power      Damage    Failure   Level
a - Shock                 Conj/Air       100%       1d9       1%          1
b - Passwall              Tmut/Erth      25%        N/A       1%          2
c - Inner Flame           Hex/Fire       30%        N/A       1%          3
d - Frozen Ramparts       Ice            60%        1d10      1%          3
e - Fulminant Prism       Conj/Hex       15%        3d10      5%          4
f - Silence               Hex/Air        15%        N/A       16%         5
Your spell library was empty.

Dungeon Overview and Level Annotations

Branches:
Dungeon (10/15)            Temple (0/1) D:7            Lair (3/5) D:9
  Swamp (0/4) Lair:2       Spider (0/4) Lair:2          Orc (0/2) D:10

Altars:
Ashenzari
Cheibriados
Dithmenos
Elyvilon
Gozag
Makhleb
Qazlal
Trog
Uskayaw
Wu Jian
Xom
Yredelemnul
Zin

Shops:
D:7 ?[

Annotations:
D:7 2 transporters, Menkaure


Innate Abilities, Weirdness & Mutations

You are immune to sickness and miasma.
You are immune to poison.
Your flesh is very heat resistant. (rF++)
You are vulnerable to cold. (rC-)
You float through the air rather than walking.
You learn spells naturally, not from books.
Your magical power is your life essence.
You have superior vitality. (+4 MHP)
You are partially covered in iridescent scales. (AC +2)
You have a somewhat thin skeletal structure. (Dex +2, Stealth+)
You are strong-willed. (Will+)
Potions cannot restore your health.


Message History

The plant begins to die.
You barely miss the six-headed hydra.
The six-headed hydra is severely wounded.
You are engulfed in calcifying dust.
You are slowing down.
Xom's power touches on a nearby monster.
The six-headed hydra flickers and vanishes!
Deactivating autopickup; reactivate with Ctrl-A.
The plant is engulfed in calcifying dust.
Something bites you! Something bites you but does no damage.
Something bites you.
Something bites you but does no damage. x2
Something bites you.
The plant is engulfed in calcifying dust.
The plant turns to stone!
Something bites you but does no damage.
Something bites you! x2; Something bites you but does no damage. x2
Something bites you.
Your limbs are stiffening.
Aiming: Quicksilver Bolt
Press: ? - help, Shift-Dir - straight line, f - catoblepas
Aim: a catoblepas (100% to hit)
The bolt of dispelling energy hits the catoblepas!
The catoblepas is moderately wounded.
The plant is engulfed in calcifying dust.
A nearby plant withers and dies.
Something bites you but does no damage. Something bites you. x2
* * * LOW HITPOINT WARNING * * *
Something bites you but does no damage. x2; Something bites you!
* * * LOW HITPOINT WARNING * * *
The catoblepas gores you!
* * * LOW HITPOINT WARNING * * *
You have turned to stone.
Something bites you. Something bites you but does no damage.
Something bites you!
* * * LOW HITPOINT WARNING * * *
Something completely misses you. Something bites you but does no damage.
Something bites you.
* * * LOW HITPOINT WARNING * * *
The catoblepas gores you but does no damage.
Something bites you. x2
You die...
Xom chortles!

....##... ... .
#......#+##.#
P.###........#..##
.................
............(...
#...§........
#.......##..
#.Y.........
#..@........
#...P~.P~...
#...~~~~~~.P
+...~P~~~~~~
....P~~~~~~~
..<..~~~~P~~~
.##...~~~~~~≈~ .#
...♣~~≈≈≈≈≈


You could see a catoblepas.

Vanquished Creatures
  Erica (D:10)
  An anaconda (shapeshifter) (D:8)
  2 two-headed ogres
  A skyshark (Lair:2)
  A bog body (Lair:2)
  A cyclops (D:9)
  4 elephants (Lair:2)
  A black mamba (shapeshifter) (D:2)
  7 cane toads
  A rime drake (Lair:1)
  2 komodo dragons
  A polar bear (shapeshifter) (D:3)
  A troll (D:9)
  A meliai (shapeshifter) (Lair:2)
  2 polar bears
  Grinder (D:4)
  A hornet (D:8)
  7 blink frogs
  A glass eye (Lair:2)
  A wyvern (Lair:2)
  2 basilisks (Lair:1)
  18 yaks
  3 redbacks (Lair:2)
  3 steam dragons
  A swamp worm (Lair:2)
  7 water moccasins
  A swamp drake (D:3)
  5 orc warriors
  A sky beast (D:5)
  2 ice beasts
  An ogre (D:3)
  A wolf (D:9)
  2 black bears
  5 centaurs
  A phantom (D:6)
  A kobold brigand (D:9)
  4 bullfrogs
  Blork the orc (D:6)
  5 scorpions
  8 wights
  11 killer bees
  4 howler monkeys
  6 electric eels
  3 crimson imps (D:8)
  9 hounds
  A jelly (D:6)
  9 orc priests
  2 gnoll boudas
  Terence (D:2)
  10 orc wizards
  3 iguanas
  4 hell rats (Lair:2)
  Robin (D:3)
  10 adders
  7 gnolls
  7 river rats (D:8)
  2 white imps
  An ufetubus (D:5)
  2 worms
  3 dart slugs
  40 orcs
  3 ball pythons
  2 bats (D:2)
  12 endoplasms
  4 giant cockroaches
  9 hobgoblins
  4 jackals
  8 quokkas
  3 frilled lizards
  21 goblins
  13 kobolds
  An orc zombie (D:3)
  20 rats
346 creatures vanquished.

Vanquished Creatures (collateral kills)
  Joseph (Lair:1)
  3 cane toads
  A troll (D:10)
  A blink frog (Lair:2)
  A yak (Lair:2)
  A water moccasin (Lair:2)
  A black bear (Lair:2)
  An ice beast (D:8)
  A centaur (D:8)
  A kobold brigand (D:8)
  A bullfrog (Lair:2)
  2 scorpions (D:5)
  A hound (D:5)
  An iguana (D:5)
  2 adders (D:5)
  An ufetubus (D:5)
  2 orcs (D:5)
  2 jackals (D:5)
  5 kobolds
  A bat (D:3)
30 creatures vanquished.

Vanquished Creatures (others)
  6 fulminant prisms
6 creatures vanquished.

Grand Total: 382 creatures vanquished

Notes
Turn   | Place    | Note
-------+----------+-------------------------------------------
     0 | D:1      | Xavori the Djinni Chaos Knight began the quest for the Orb.
     0 | D:1      | Reached XP level 1. HP: 20/20 MP: 0/0
     0 | D:1      | XOM: silly message
    85 | D:1      | Reached XP level 2. HP: 25/25 MP: 0/0
   220 | D:1      | XOM: silly message
   629 | D:2      | Reached XP level 3. HP: 30/30 MP: 0/0
   629 | D:2      | Learned a level 1 spell: Shock
   926 | D:1      | XOM: noise
  1192 | D:1      | XOM: silly message
  3081 | D:1      | XOM: summons 1 hostile shadow creature
  3432 | D:1      | XOM: scenery: create altars
  3473 | D:1      | XOM: scenery: summon butterflies
  3567 | D:1      | XOM: god gift: crooked lead wand {god gift}
  3648 | D:1      | XOM: god gift: wand of quicksilver (5)
  3887 | D:2      | XOM is BORED!
  3896 | D:2      | Noticed Terence
  3910 | D:2      | HP: 1/30 [Terence/+0 flail (11)]
  3912 | D:2      | Killed Terence
  3913 | D:2      | Reached skill level 1 in Spellcasting
  3913 | D:2      | Reached skill level 1 in Conjurations
  3913 | D:2      | Reached skill level 1 in Hexes
  3913 | D:2      | Reached skill level 1 in Summonings
  3913 | D:2      | Reached skill level 1 in Necromancy
  3913 | D:2      | Reached skill level 1 in Translocations
  3913 | D:2      | Reached skill level 1 in Transmutations
  3913 | D:2      | Reached skill level 1 in Fire Magic
  3913 | D:2      | Reached skill level 1 in Ice Magic
  3913 | D:2      | Reached skill level 1 in Air Magic
  3913 | D:2      | Reached skill level 1 in Earth Magic
  3913 | D:2      | Reached skill level 1 in Poison Magic
  3913 | D:2      | Reached XP level 4. HP: 2/35 MP: 0/0
  4242 | D:2      | XOM: scenery: summon butterflies
  4263 | D:2      | XOM: 1-stop teleportation journey
  4268 | D:2      | XOM: silly message
  4673 | D:2      | Reached XP level 5. HP: 40/40 MP: 0/0
  4673 | D:2      | Learned a level 2 spell: Passwall
  4681 | D:2      | a worm changed into a shapeshifter
  4681 | D:2      | Noticed a shapeshifter (shapeshifter)
  4681 | D:2      | a shapeshifter changed into a black mamba
  4681 | D:2      | Noticed a black mamba (shapeshifter)
  4683 | D:2      | XOM: divination: detect items
  4687 | D:2      | Killed a black mamba
  4688 | D:2      | Reached XP level 6. HP: 40/47 MP: 0/0
  4688 | D:2      | Reached XP level 7. HP: 44/52 MP: 0/0
  4688 | D:2      | Learned a level 3 spell: Inner Flame
  4738 | D:2      | XOM: snakes to sticks
  4762 | D:2      | XOM: give mutation
  4762 | D:2      | Gained mutation: You are strong-willed. (Will+) [Xom's
                  | grace]
  4928 | D:3      | Noticed Ijyb
  4929 | D:3      | XOM: summons friendly white imp
  4937 | D:3      | Ijyb changed into Ijyb the swamp drake
  4937 | D:3      | Noticed Ijyb
  4937 | D:3      | XOM: polymorph Ijyb -> Ijyb the swamp drake
  4944 | D:3      | Killed Ijyb the swamp drake
  5118 | D:3      | XOM: give mutation
  5118 | D:3      | Gained mutation: Potions are less effective at restoring
                  | your health. [Xom's mischief]
  5158 | D:3      | Noticed Robin
  5168 | D:3      | Killed Robin
  5237 | D:3      | XOM: noise
  5265 | D:3      | XOM: 2-stop teleportation journey
  5324 | D:3      | XOM: scenery: create altars
  5545 | D:3      | Identified the "Uhiog" (Xom gifted it to you on level 3 of
                  | the Dungeon)
  5545 | D:3      | XOM: god gift: Xom's Directory of the Unstoppable Heavens
  5586 | D:3      | a goblin changed into a shapeshifter
  5586 | D:3      | Noticed a shapeshifter (shapeshifter)
  5586 | D:3      | XOM: polymorph goblin -> shapeshifter
  5586 | D:3      | a shapeshifter changed into a polar bear
  5586 | D:3      | Noticed a polar bear (shapeshifter)
  5592 | D:3      | Killed a polar bear
  5593 | D:3      | Reached XP level 8. HP: 44/58 MP: 0/0
  5855 | D:4      | Found a white marble altar of Elyvilon.
  5912 | D:4      | Identified the +9 sling "Muwiwadu" {antimagic, Int+5 Dex+2}
  5949 | D:4      | XOM: enchant monster (bad)
  5990 | D:4      | XOM: polymorph scorpion -> killer bee
  5997 | D:4      | Found a broken altar of Ashenzari.
  5997 | D:4      | XOM: 3-stop teleportation journey
  6096 | D:4      | XOM: give mutations
  6096 | D:4      | Gained mutation: You are frail. (-10% HP) [Xom's mischief]
  6096 | D:4      | Gained mutation: You have hidden genetic potential. [Xom's
                  | mischief]
  6360 | D:4      | Noticed Grinder
  6362 | D:4      | Paralysed by Grinder for 4 turns
  6368 | D:4      | Killed Grinder
  6786 | D:5      | XOM: stealth player
  6786 | D:5      | Entered Level 5 of the Dungeon
  6798 | D:5      | Reached skill level 5 in Fighting
  6798 | D:5      | Reached XP level 9. HP: 36/58 MP: 0/0
  6798 | D:5      | Learned a level 3 spell: Frozen Ramparts
  6820 | D:5      | Reached skill level 5 in Dodging
  6968 | D:5      | XOM: fog
  6989 | D:5      | XOM: noise
  6991 | D:5      | XOM: potion effect (haste)
  7166 | D:5      | Gained mutation: You possess an exceptional clarity of
                  | mind. [hidden potential]
  7256 | D:5      | XOM: cloud trail
  7535 | D:5      | Reached skill level 5 in Long Blades
  7603 | D:5      | XOM: 6-stop teleportation journey
  7688 | D:5      | XOM: summons 5 hostile demons
  7753 | D:4      | XOM: give mutations
  7753 | D:4      | Gained mutation: You are partially covered in iridescent
                  | scales. (AC +2) [Xom's grace]
  7753 | D:4      | Gained mutation: Your natural rate of healing is unusually
                  | fast. [Xom's grace]
  7849 | D:5      | XOM: scenery: summon butterflies
  7896 | D:6      | XOM: chaos upgrade
  7908 | D:6      | XOM: blink monster(s)
  8000 | D:6      | XOM: repel stairs
  8057 | D:6      | Identified the +11 flail "Cigrouhu" {venom, rC+ rN+}
  8065 | D:6      | Noticed Blork the orc
  8069 | D:6      | XOM: noise
  8071 | D:6      | Killed Blork the orc
  8079 | D:6      | Identified the +2 buckler "Holo" {Rampage Str+4}
  8089 | D:6      | Found a burning altar of Makhleb.
  8089 | D:6      | XOM: 2-stop teleportation journey
  8110 | D:6      | XOM: smoke on damage
  8162 | D:6      | XOM: noise
  8165 | D:6      | XOM: cloud trail
  8327 | D:6      | Found a snail-covered altar of Cheibriados.
  8399 | D:7      | Reached skill level 5 in Armour
  8399 | D:7      | Reached XP level 10. HP: 53/64 MP: 0/0
  8491 | D:7      | Noticed Menkaure
  8541 | D:7      | XOM: summons friendly quasit
  8726 | D:7      | XOM: confuse monster(s)
  8727 | D:7      | XOM: divination: magic mapping
  8728 | D:7      | XOM: enchant monster (good)
  8730 | D:7      | Reached skill level 1 in Shields
  8744 | D:7      | Found a transporter.
  8763 | D:7      | Found a basalt altar of Yredelemnul.
  8763 | D:7      | Found a transporter.
  8763 | D:7      | XOM: 6-stop teleportation journey
  8859 | D:7      | Found a stormy altar of Qazlal.
  8859 | D:7      | XOM: 2-stop teleportation journey
  8966 | D:7      | Gained mutation: You have a somewhat thin skeletal
                  | structure. (Dex +2, Stealth+) [hidden potential]
  8966 | D:7      | Lost mutation: You have hidden genetic potential. [hidden
                  | potential expressed]
  8967 | D:7      | XOM: noise
  8986 | D:7      | Reached skill level 5 in Spellcasting
  8986 | D:7      | Reached skill level 5 in Conjurations
  8986 | D:7      | Reached skill level 5 in Hexes
  8986 | D:7      | Reached skill level 5 in Summonings
  8986 | D:7      | Reached skill level 5 in Necromancy
  8986 | D:7      | Reached skill level 5 in Translocations
  8986 | D:7      | Reached skill level 5 in Transmutations
  8986 | D:7      | Reached skill level 5 in Fire Magic
  8986 | D:7      | Reached skill level 5 in Ice Magic
  8986 | D:7      | Reached skill level 5 in Air Magic
  8986 | D:7      | Reached skill level 5 in Earth Magic
  8986 | D:7      | Reached skill level 5 in Poison Magic
  9039 | D:7      | a sky beast changed into a glowing shapeshifter
  9039 | D:7      | Noticed a glowing shapeshifter (glowing shapeshifter)
  9039 | D:7      | XOM: polymorph sky beast -> glowing shapeshifter
  9039 | D:7      | a glowing shapeshifter changed into a slime creature
  9043 | D:7      | a slime creature changed into a water nymph
  9043 | D:7      | Noticed a water nymph (glowing shapeshifter)
  9046 | D:7      | Noticed a two-headed ogre
  9050 | D:7      | a two-headed ogre changed into a merfolk
  9054 | D:7      | a merfolk changed into a water nymph
  9054 | D:7      | Noticed a water nymph (glowing shapeshifter)
  9055 | D:7      | XOM: summons 8 friendly demons
  9064 | D:7      | Noticed an orb spider
  9072 | D:7      | an orb spider changed into a moth of wrath
  9072 | D:7      | Noticed a moth of wrath (glowing shapeshifter)
  9088 | D:7      | Noticed a komodo dragon
  9090 | D:7      | a komodo dragon changed into a black mamba
  9090 | D:7      | Noticed a black mamba (glowing shapeshifter)
  9091 | D:7      | a black mamba changed into a jumping spider
  9103 | D:7      | XOM: torment (33/64 hp)
  9193 | D:7      | Found a staircase to the Ecumenical Temple.
  9207 | D:7      | XOM: god gift: 41 gold pieces
  9248 | D:7      | Found Poishu's Magic Scroll Shop.
  9257 | D:7      | Bought a scroll of blinking for 90 gold pieces
  9257 | D:7      | Bought 2 scrolls of blinking for 180 gold pieces
  9275 | D:7      | Found Myxeyzxuun's Antique Armour Emporium.
  9450 | D:7      | XOM: give mutations
  9450 | D:7      | Lost mutation: Your natural rate of healing is unusually
                  | fast. [Xom's mischief]
  9450 | D:7      | Lost mutation: You possess an exceptional clarity of mind.
                  | [Xom's mischief]
  9578 | D:7      | XOM: polymorph orc priest -> iguana
  9583 | D:7      | Reached skill level 5 in Evocations
  9585 | D:7      | XOM: polymorph orc warrior -> howler monkey
  9838 | D:6      | XOM: god gift: wand of charming (5)
  9856 | D:7      | XOM: stat loss: -1 Int (13/14)
  9900 | D:7      | Noticed a quicksilver dragon
  9957 | D:8      | XOM: cast spell 'Summon Cactus Giant'
 10068 | D:8      | XOM: cast spell 'Summon Hydra'
 10184 | D:8      | a river rat changed into a glowing shapeshifter
 10184 | D:8      | Noticed a glowing shapeshifter (glowing shapeshifter)
 10184 | D:8      | a glowing shapeshifter changed into an anaconda
 10184 | D:8      | Noticed an anaconda (glowing shapeshifter)
 10191 | D:8      | Killed an anaconda
 10403 | D:8      | XOM: 2-stop teleportation journey
 10417 | D:8      | XOM: scenery: create altars
 10796 | D:8      | Noticed a two-headed ogre
 10800 | D:8      | Killed a two-headed ogre
 10801 | D:8      | Reached XP level 11. HP: 66/70 MP: 0/0
 10801 | D:8      | Learned a level 4 spell: Fulminant Prism
 10885 | D:8      | Found a shimmering altar of Xom.
 10929 | D:8      | XOM: confuse monster(s)
 10961 | D:9      | XOM: summons 4 friendly demons
 11262 | D:9      | Noticed a cyclops
 11262 | D:9      | XOM: noise
 11372 | D:8      | XOM: silly message
 11381 | D:9      | Killed a cyclops
 11789 | D:9      | XOM: give mutations
 11789 | D:9      | Lost mutation: You are frail. (-10% HP) [Xom's mischief]
 11789 | D:9      | Gained mutation: Potions cannot restore your health. [Xom's
                  | mischief]
 11891 | D:9      | XOM: noise
 12069 | D:9      | Found a staircase to the Lair.
 12239 | D:10     | Entered Level 10 of the Dungeon
 12239 | D:10     | Noticed Erica
 12246 | D:10     | Killed Erica
 12284 | D:10     | XOM: summons 6 hostile demons
 12380 | D:10     | Found a staircase to the Orcish Mines.
 12523 | D:10     | Found a glowing silver altar of Zin.
 12524 | D:10     | Found a hide-covered altar of Uskayaw.
 12525 | D:10     | Found a shadowy altar of Dithmenos.
 12526 | D:10     | Found an ornate altar of the Wu Jian Council.
 12527 | D:10     | Found an opulent altar of Gozag.
 12542 | D:10     | XOM: cast spell 'Summon Dragon'
 12567 | D:10     | Found a bloodstained altar of Trog.
 12571 | D:10     | XOM: 1-stop teleportation journey
 12777 | D:10     | XOM: noise
 12885 | D:10     | Noticed a two-headed ogre
 12890 | D:10     | Killed a two-headed ogre
 12891 | D:10     | Reached XP level 12. HP: 69/86 MP: 0/0
 12970 | D:10     | XOM: summons friendly shadow imp
 13228 | Lair:1   | Entered Level 1 of the Lair of Beasts
 13256 | Lair:1   | XOM: cast spell 'Summon Dragon'
 13348 | Lair:1   | Noticed Joseph
 13355 | Lair:1   | Killed Joseph
 13356 | Lair:1   | Reached skill level 5 in Shields
 13369 | Lair:1   | XOM: 7-stop teleportation journey
 13523 | Lair:1   | XOM: cloud trail
 13582 | Lair:1   | XOM: fog
 13653 | Lair:1   | XOM: divination: detect items
 13655 | Lair:1   | XOM: divination: detect items
 13656 | Lair:1   | XOM: potion effect (invisibility)
 13750 | Lair:1   | XOM: summons friendly rust devil
 13764 | Lair:1   | XOM: cast spell 'Chain of Chaos'
 13782 | Lair:1   | XOM: cast spell 'Metabolic Englaciation'
 14116 | Lair:2   | XOM: summons 5 friendly demons
 14128 | Lair:2   | XOM: enchant monster (good)
 14129 | Lair:2   | XOM: enchant monster (good)
 14206 | Lair:2   | XOM: summons 3 friendly demons
 14236 | Lair:2   | XOM: scenery: summon butterflies
 14249 | Lair:2   | Reached XP level 13. HP: 68/94 MP: 0/0
 14249 | Lair:2   | Learned a level 5 spell: Silence
 14253 | Lair:2   | XOM: polymorph elephant -> shapeshifter
 14268 | Lair:2   | XOM: polymorph elephant -> glass eye
 14311 | Lair:2   | XOM: cloud trail
 14383 | Lair:2   | XOM: cleaving
 14388 | Lair:2   | XOM: 2-stop teleportation journey
 14398 | Lair:2   | XOM: swap monsters
 14402 | Lair:2   | XOM: swap monsters
 14459 | Lair:2   | XOM: noise
 14489 | Lair:2   | XOM: smoke on damage
 14505 | Lair:2   | XOM: cleaving
 14507 | Lair:2   | XOM: enchant monster (good)
 14805 | Lair:2   | XOM: scenery: summon butterflies
 14824 | Lair:2   | Found a hole to the Spider Nest.
 14995 | Lair:2   | Found a staircase to the Swamp.
 15113 | Lair:3   | Noticed a seven-headed hydra
 15116 | Lair:3   | XOM: repel stairs
 15117 | Lair:3   | XOM: confusion (+ monsters)
 15117 | Lair:3   | Noticed a catoblepas
 15125 | Lair:3   | XOM: enchant monster (bad)
 15128 | Lair:3   | HP: 3/94 [something (6)]
 15128 | Lair:3   | HP: 1/94 [something (2)]
 15129 | Lair:3   | Slain by a six-headed hydra

Illustrated notes

Levels and vault maps discovered:
D:1:      dpeg_arrival_fog, layout_basic
D:2:      layout_rooms, hangedman_decor_slide_cut, minmay_tromino_v7,
          uniq_terence
D:3:      layout_basic, st_stairs_8, minmay_ogre_servants, uniq_ijyb, uniq_robin
D:4:      layout_loops_ring, evilmike_ruin_ashenzari,
          nicolae_overflow_crystal_walls, uniq_grinder
D:5:      layout_rooms, serial_rivers, chequers_serial_rivers_room_b,
          chequers_serial_rivers_large_a, chequers_serial_rivers_large_b,
          chequers_serial_rivers_small_b, portal_sewer_entry_d,
          kennysheep_generic_room_13
D:6:      layout_rooms, mainiacjoe_overflow_two_lobes, uniq_blork_the_orc
D:7:      layout_loops_corners, nicolae_qazlal_style_of_elements,
          gammafunk_temple_of_torment, nicolae_sif_muna_condensation,
          minmay_temple_entry_antechambers, serial_shops,
          nicolae_inconvenience_store, shop, chequers_serial_rivers_micro_a,
          serial_bayou_pond_d, minmay_puff
D:8:      lemuel_ratsnest, layout_rooms, led_xom_imps
D:9:      layout_rooms, erik_lair_island
D:10:     layout_roguey, grunt_temple_overflow_open, hiddenorc1_lemuel,
          uniq_erica
Lair:1:   layout_cave_shapes, serial_bayou_shore_b, infiniplex_staircase_pool_2,
          uniq_joseph
Lair:2:   layout_big_grid, nicolae_swamp_entry_splash_gauntlet,
          spider_nest_entry_webs, dreamdust_deal_with_the_devil,
          chequers_serial_rivers_micro_b, infiniplex_staircase_pool,
          grunt_megastairs_5
Lair:3:   layout_regular_city, grunt_megastairs_1, serial_bayou_shore_a

Skill      XL: |  1  2  3  4  5  6  7  8  9 10 11 12 13 |
---------------+----------------------------------------+-----
Long Blades    | 3 4 5 6 7 8 |  8.1
Spellcasting   | 1 2 3 4 5 6 7 8 |  8.2
Conjurations   | 1 2 3 4 5 6 7 8 |  8.2
Hexes          | 1 2 3 4 5 6 7 8 |  8.2
Summonings     | 1 2 3 4 5 6 7 8 |  8.2
Necromancy     | 1 2 3 4 5 6 7 8 |  8.2
Translocations | 1 2 3 4 5 6 7 8 |  8.2
Transmutations | 1 2 3 4 5 6 7 8 |  8.2
Fire Magic     | 1 2 3 4 5 6 7 8 |  8.2
Ice Magic      | 1 2 3 4 5 6 7 8 |  8.2
Air Magic      | 1 2 3 4 5 6 7 8 |  8.2
Earth Magic    | 1 2 3 4 5 6 7 8 |  8.2
Poison Magic   | 1 2 3 4 5 6 7 8 |  8.2
Fighting       | 4 5 6 7 8 9 |  9.6
Armour         | 2 3 4 5 6 7 8 |  8.3
Dodging        | 3 4 5 7 8 9 |  9.3
Evocations     | 2 3 4 5 |  5.0
Shields        | 3 4 6 |  6.4

Action                     |  1- 3 |  4- 6 |  7- 9 | 10-12 | 13-15 || total
---------------------------+-------+-------+-------+-------+-------++-------
  Melee: Falchion          |    50 |    75 |   327 |   255 |       ||   707
         Punch             |       |     1 |     4 |       |       ||     5
         Scimitar          |       |       |       |   176 |    82 ||   258
   Cast: Inner Flame       |       |       |    22 |    57 |    10 ||    89
         Shock             |       |       |    14 |    82 |     8 ||   104
         Frozen Ramparts   |       |       |       |     9 |     1 ||    10
         Fulminant Prism   |       |       |       |     6 |       ||     6
  Evoke: Wand              |     2 |       |       |     5 |     1 ||     8
         Condenser vane    |       |       |       |       |     1 ||     1
    Use: Scroll            |       |       |     8 |     9 |       ||    17
   Stab: Paralysed         |       |       |     2 |     6 |       ||     8
         Confused          |       |       |     1 |     3 |       ||     4
         Sleeping          |       |       |     1 |     3 |       ||     4
         Distracted        |       |       |       |     3 |       ||     3
         Invisible         |       |       |       |     3 |       ||     3
 Armour: Leather armour    |    26 |    50 |   233 |   169 |       ||   478
         Troll leather arm |       |       |       |   101 |   101 ||   202
  Dodge: Dodged            |    28 |    67 |   258 |   329 |    73 ||   755
  Block: Buckler           |       |       |       |   208 |    50 ||   258

Table legend: (Time is in decaauts)
 A = Elapsed time spent in this place.
 B = Non-inter-level travel time spent in this place.
 C = Inter-level travel time spent in this place.
 D = Time resting spent in this place.
 E = Time spent auto-exploring this place.
 F = Levels seen in this place.
 G = Mean time per level.
                   A        B        C        D        E       F      G
               +--------+--------+--------+--------+--------+-----+--------+
         Total |  15182 |  14828 |    354 |   5545 |   6658 |  13 | 1167.8 |
       Dungeon |  13274 |  12976 |    298 |   5366 |   5452 |  10 | 1327.4 |
          Lair |   1907 |   1852 |     55 |    179 |   1206 |   3 |  635.7 |
               +--------+--------+--------+--------+--------+-----+--------+

Top non-repeatable levels by time:
     D:1: 3884 daAuts
     D:7: 1316 daAuts
     D:8: 1234 daAuts
     D:9: 1109 daAuts
     D:2: 1064 daAuts
  Lair:2: 1016 daAuts
     D:5: 1002 daAuts
     D:4: 993 daAuts
    D:10: 958 daAuts
     D:3: 937 daAuts
  Lair:1: 872 daAuts
     D:6: 773 daAuts
  Lair:3: 18 daAuts
